Map: Kairos Junction LE

Players

demuLarva

  • Race: Terran Terran
  • League: Grandmaster
  • Spawn Location: 5:00

Lambo - Winner!

  • Race: Zerg Zerg
  • League: Grandmaster
  • Spawn Location: 11:00

VOD

Have the link to the VOD?

Description

Time

  • Played on: Dec. 26, 2018, 2:51 p.m.
  • Length: 10:49
Show
View Real Time Build Order
Export as new Build Order

demuLarva Terran 

Build Orders: Command Center First (CC) 

Get SALT Encoding   

  12  0:00  SCV  
  13  0:12  SCV  
  14  0:17  Supply Depot  
  14  0:25  SCV  
  15  0:38  SCV  
  16  0:50  SCV  
  17  0:59  Command Center  
  17  1:02  SCV  
  18  1:10  Refinery  
  18  1:14  SCV  
  19  1:21  Barracks  
  19  1:27  SCV  
  19  1:31  Refinery  
  20  1:39  SCV  
  21  1:51  SCV  
  22  2:08  Orbital Command  
  22  2:09  Reaper  
  22  2:12  Orbital Command  
  23  2:16  Factory  
  23  2:22  Supply Depot  
  23  2:34  SCV  
  24  2:37  SCV  
  24  2:41  Barracks Reactor  
  25  2:46  SCV  
  25  2:49  SCV  
  27  2:56  Refinery  
  27  2:58  SCV  
  27  3:02  Starport  
  27  3:03  SCV  
  29  3:10  SCV  
  30  3:15  SCV, Supply Depot  
  31  3:21  Hellion x2  
  31  3:23  SCV  
  37  3:27  SCV  
  38  3:35  SCV  
  38  3:39  SCV  
  39  3:42  Starport  
  39  3:44  Fusion Core  
  39  3:47  SCV  
  40  3:49  Starport Tech Lab  
  40  3:51  Refinery, SCV  
  40  3:52  Marine x2  
  42  3:59  SCV  
  43  4:02  Supply Depot  
  43  4:03  SCV  
  44  4:11  SCV  
  44  4:14  Marine x2  
  44  4:15  SCV  
  48  4:19  Starport Tech Lab  
  48  4:25  Supply Depot  
  48  4:32  SCV x2, Battlecruiser  
  56  4:41  Battlecruiser  
  62  4:47  SCV x2  
  62  4:48  Supply Depot  
  64  4:53  Weapon Refit  
  64  4:59  SCV x2  
  66  5:11  SCV x2  
  66  5:12  Command Center  
  68  5:14  Supply Depot  
  68  5:23  SCV x2  
  70  5:35  SCV x2  
  72  5:36  Battlecruiser  
  78  5:47  SCV x2  
  80  5:53  Battlecruiser  
  86  5:57  Command Center  
  86  6:15  Factory x2  
  86  6:24  SCV x2, Hellion x2  
  92  6:27  SCV  
  93  6:36  SCV x2  
  95  6:40  Battlecruiser, Orbital Command  
  101  7:08  SCV x3  
  101  7:09  Hellion x2, Battlecruiser  
  101  7:12  Supply Depot x2  
  114  7:17  Orbital Command  
  114  7:20  SCV x2  
  116  7:26  Supply Depot  
  116  7:31  Factory Tech Lab x2  
  116  7:33  Factory  
  116  7:34  SCV x2  
  118  7:37  Factory  
  118  7:45  SCV  
  118  7:46  SCV x2  
  118  7:51  Refinery  
  121  7:52  Refinery  
  121  7:57  SCV  
  121  7:58  Armory, SCV  
  123  7:59  Hellion  
  123  8:00  Armory  
  123  8:03  Engineering Bay  
  125  8:08  SCV  
  125  8:09  SCV  
  125  8:11  SCV  
  125  8:20  Factory Tech Lab, SCV, Supply Depot  
  125  8:21  Mag-Field Accelerator  
  125  8:22  Factory Reactor  
  125  8:24  SCV  
  125  8:25  SCV  
  128  8:33  SCV  
  129  8:35  Hellion x2, Cyclone x2  
  129  8:37  SCV  
  129  8:39  Supply Depot  
  140  8:41  SCV  
  140  8:42  Supply Depot  
  140  8:44  Supply Depot  
  140  8:45  SCV, Cyclone  
  140  8:47  Terran Ship Weapons Level 1, Terran Vehicle And Ship Armor Level 1  
  145  8:49  SCV  
  145  8:54  SCV  
  147  8:57  SCV  
  147  8:59  Refinery, Supply Depot x2  
  147  9:00  Supply Depot  
  147  9:01  Refinery, SCV, Supply Depot  
  149  9:04  Planetary Fortress  
  149  9:06  SCV  
  149  9:09  SCV, Supply Depot  
  145  9:10  Supply Depot  
  145  9:13  SCV  
  146  9:18  Missile Turret, SCV  
  146  9:19  Missile Turret  
  146  9:20  Missile Turret x2  
  146  9:21  Missile Turret  
  146  9:22  Missile Turret, Cyclone x2  
  146  9:23  Cyclone  
  156  9:25  Hellion x4  
  156  9:28  SCV  
  156  9:29  SCV  
  166  9:35  Missile Turret  
  166  9:37  Missile Turret x2  
  166  9:39  Missile Turret  
  166  9:41  Missile Turret  
  166  9:42  Sensor Tower  
  117  10:01  Hellion x3  
  117  10:02  SCV x2  
  104  10:18  Hellion  
  97  10:22  Hellion  
  98  10:33  SCV  
  98  10:34  SCV x2  
Show
View Real Time Build Order
Export as new Build Order

Lambo Zerg - Winner!

Build Orders: Hatch First 

Get SALT Encoding   

  12  0:01  Drone  
  13  0:12  Overlord  
  13  0:17  Drone  
  14  0:31  Drone x2  
  16  0:49  Hatchery  
  15  0:52  Drone  
  15  0:56  Drone  
  17  0:59  Drone  
  18  1:10  Extractor  
  17  1:14  Spawning Pool  
  17  1:17  Drone  
  17  1:20  Drone  
  18  1:29  Drone  
  19  1:40  Drone  
  20  1:53  Overlord  
  20  2:01  Queen x2  
  22  2:02  Zergling x4  
  26  2:09  Metabolic Boost  
  26  2:11  Drone  
  26  2:13  Drone  
  28  2:22  Drone x2  
  30  2:38  Hatchery  
  30  2:41  Drone  
  30  2:45  Drone  
  30  2:48  Pneumatized Carapace  
  32  2:51  Drone  
  32  2:55  Overlord  
  32  3:01  Drone x2  
  32  3:04  Drone  
  35  3:06  Drone  
  36  3:16  Drone x2  
  36  3:17  Drone  
  36  3:18  Queen  
  41  3:21  Overlord  
  41  3:26  Drone x2  
  43  3:38  Drone  
  43  3:39  Queen  
  43  3:40  Drone  
  47  3:48  Drone x2  
  49  3:50  Drone x2  
  49  3:51  Queen  
  49  3:53  Overlord  
  49  3:55  Drone  
  54  3:57  Queen  
  54  4:00  Drone x2  
  58  4:06  Overlord  
  58  4:13  Zergling x6  
  61  4:19  Zergling x4  
  61  4:22  Drone x2  
  61  4:23  Lair  
  65  4:28  Roach Warren, Drone x4  
  68  4:33  Queen  
  68  4:37  Overlord  
  70  4:40  Extractor  
  70  4:41  Evolution Chamber  
  70  4:42  Queen, Extractor  
  70  4:44  Drone x2  
  71  4:47  Drone  
  71  4:48  Drone  
  71  4:50  Overlord  
  71  4:51  Drone  
  74  4:59  Drone x4  
  79  5:00  Drone  
  79  5:02  Spore Crawler  
  79  5:03  Spore Crawler  
  79  5:04  Spore Crawler, Drone  
  77  5:07  Zerg Missile Weapons Level 1  
  77  5:09  Drone  
  77  5:12  Queen  
  80  5:15  Drone x2  
  80  5:19  Spore Crawler  
  81  5:21  Queen  
  81  5:23  Roach  
  81  5:28  Overlord  
  85  5:30  Roach x2  
  85  5:31  Drone  
  85  5:34  Extractor  
  89  5:41  Roach, Spire  
  89  5:42  Overlord  
  90  5:44  Extractor  
  90  5:45  Extractor  
  90  5:47  Overlord, Drone  
  90  5:48  Drone x3  
  90  5:49  Drone  
  93  5:50  Overlord  
  93  5:52  Glial Reconstitution  
  93  6:03  Drone x6  
  91  6:11  Drone x2  
  91  6:13  Drone x4  
  94  6:25  Roach x4  
  100  6:26  Queen  
  101  6:35  Queen x2  
  104  6:41  Overlord  
  104  6:42  Drone x2  
  104  6:43  Overlord  
  104  6:46  Overlord  
  106  6:52  Overlord  
  104  7:01  Queen  
  104  7:03  Corruptor x4  
  104  7:05  Drone  
  115  7:11  Corruptor  
  115  7:14  Overlord  
  117  7:17  Overlord  
  111  7:23  Corruptor  
  111  7:24  Corruptor  
  114  7:30  Corruptor  
  114  7:32  Drone x4  
  119  7:40  Corruptor x2  
  119  7:43  Corruptor  
  123  7:50  Corruptor  
  127  7:55  Drone x2  
  129  7:59  Corruptor  
  129  8:03  Hatchery  
  130  8:07  Corruptor  
  130  8:08  Corruptor  
  134  8:13  Overlord  
  134  8:16  Corruptor  
  133  8:21  Overlord  
  133  8:22  Overlord  
  133  8:23  Corruptor  
  133  8:27  Corruptor  
  135  8:31  Zergling x2  
  135  8:32  Overlord, Zergling x12  
  144  8:36  Zerg Flyer Armor Level 1  
  144  8:40  Overlord  
  144  8:45  Corruptor  
  146  8:51  Corruptor  
  146  8:54  Zergling x12  
  154  9:00  Roach x3  
  154  9:01  Roach  
  162  9:04  Roach, Zergling x2  
  163  9:10  Roach  
  163  9:16  Roach x2  
  152  9:17  Ravager x2  
  152  9:18  Ravager  
  152  9:20  Roach x2  
  152  9:21  Roach x2, Zergling x2  
  152  9:23  Overlord  
  164  9:26  Roach x2  
  164  9:29  Roach x2  
  172  9:31  Zergling x2  
  172  9:32  Zergling x2  
  172  9:34  Queen  
  176  9:39  Overlord x2  
  167  9:49  Roach x6  
  177  9:54  Roach x4  
  176  10:02  Roach x4  
  171  10:10  Roach x5  
  171  10:11  Roach  
  179  10:18  Roach x4  
  181  10:26  Roach x5  
Tags
 
Add a new tag
Caveats
  • Supply blocks, unpowered buildings, or Contaminate may cause inaccurate times.
  • Supply counts are checked every 10 seconds.